 Dungeon Crawl Stone Soup version 0.21-a0-417-g0adc95b (webtiles) character file.

387 slep the Slasher (level 6, -24/51 HPs)
             Began as a Barachi Fighter on Nov 3, 2017.
             Was an Initiate of Dithmenos.
             Annihilated by an ogre
             ... wielding a +0 giant spiked club
              (25 damage)
             ... on level 4 of the Dungeon on Nov 4, 2017.
             The game lasted 00:23:44 (2870 turns).

slep the Slasher (Barachi Fighter)                  Turns: 2870, Time: 00:23:44

Health: -24/51     AC:  9    Str: 17    XL:     6   Next: 78%
Magic:  6/6        EV:  8    Int: 11    God:    Dithmenos [......]
Gold:   129        SH:  9    Dex: 13    Spells: 5/5 levels left

rFire    . . .     SeeInvis .   z - +2 hand axe (pain)
rCold    . . .     Gourm    .   c - +0 shield
rNeg     . . .     Faith    .   b - +0 scale mail
rPois    .         Spirit   .   q - +0 helmet
rElec    .         Reflect  .   j - +0 cloak (curse)
rCorr    .         Harm     +   (no gloves)
MR       .....     Rnd*Tele +   (no boots)
Stlth    +.........             v - amulet of harm
HPRegen  0.17/turn              e - ring of teleportation (curse)
MPRegen  0.10/turn              s - ring of stealth

@: slow
A: +LOS, swims, talons 1, clever 1, slowness 1, MP-powered wands, strong legs 1
a: Hop, Renounce Religion


You were on level 4 of the Dungeon.
You worshipped Dithmenos.
Dithmenos was noncommittal.
You were not hungry.

You visited 1 branch of the dungeon, and saw 4 of its levels.

You collected 129 gold pieces.

Inventory:

Hand Weapons
 a - a +0 long sword
 n - a +1 dagger of venom
 o - a +2 halberd of venom
 z - a +2 hand axe of pain (weapon)
Missiles
 A - 6 tomahawks (quivered)
Armour
 b - a +0 scale mail (worn)
 c - a +0 shield (worn)
 j - a cursed +0 cloak (worn)
 q - a +0 helmet (worn)
 B - a +1 robe of magic resistance
Jewellery
 e - a cursed ring of teleportation (left hand)
 i - an uncursed ring of ice
 s - a ring of stealth (right hand)
 v - an amulet of harm (around neck)
Wands
 u - a wand of iceblast (8/15)
Scrolls
 g - a scroll of recharging {unknown}
 h - 6 scrolls of teleportation {unknown}
 l - 4 scrolls of random uselessness {unknown}
 m - 3 scrolls of enchant armour {unknown}
 p - a scroll of amnesia {unknown}
 r - 2 scrolls of remove curse {unknown}
 w - 3 scrolls of identify {unknown}
 y - a scroll of blinking {unknown}
Potions
 x - a potion of lignification
Comestibles
 d - 13 chunks of flesh
 f - 2 bread rations
 k - a meat ration
 t - a royal jelly


   Skills:
 + Level 5.4 Fighting
 + Level 5.5 Long Blades
 + Level 5.0 Armour
 + Level 1.3 Dodging
 + Level 0.1 Stealth
 + Level 4.0 Shields


You had 5 spell levels left.
You didn't know any spells.

Dungeon Overview and Level Annotations

Branches:
Dungeon (4/15)
 Temple: D:4-7

Altars:
Cheibriados
Dithmenos
Fedhas


Innate Abilities, Weirdness & Mutations

Shadows flee at your approach. (+LOS)
You can swim through water.
You cover ground slowly.
You can hop short distances.
You have sharp toenails.
Your mind is acute. (Int +2)
You expend magic power (3 MP) to strengthen your wands.


Message History

The ogre is moderately wounded.
The ogre hits you but does no damage.
You barely miss the ogre.
The ogre is moderately wounded.
The ogre hits you with a giant spiked club!
You hit the ogre. Your kick misses the ogre.
The ogre is heavily wounded.
You block the ogre's attack.
You hit the ogre. You claw the ogre.
The ogre is heavily wounded.
You block the ogre's attack.
You slash the ogre!
The ogre is almost dead.
The ogre hits you with a giant spiked club!!
Ouch! That really hurt!
* * * LOW HITPOINT WARNING * * *
You completely miss the ogre.
The ogre is almost dead.
The ogre hits you with a giant spiked club!!
You die...

#....#.....##.#
#.#
#....#.....##.#
#.#
#....#.######.#
+
#....#.######.#
#..........#
#...########
#...# ###.#...#
#....O@.#
#.#.##..# #.
#..# # #...
.!##. ### .# #


You could see an ogre.

Vanquished Creatures
  2 orc wizards
  A bullfrog skeleton (D:3)
  Crazy Yiuf (D:3)
  Jessica (D:2)
  Natasha (twice) (D:2)
  Robin (D:2)
  6 adders
  An ooze (D:2)
  2 worms (D:2)
  A dart slug (D:1)
  2 leopard geckos
  8 orcs
  A ball python (D:2)
  6 giant cockroaches
  17 goblins
  16 hobgoblins
  4 jackals
  8 kobolds
  2 quokkas
  9 bats
  4 frilled lizards
  15 rats
  A bush (D:3)
111 creatures vanquished.

Notes
Turn   | Place    | Note
-------+----------+-------------------------------------------
     0 | D:1      | slep the Barachi Fighter began the quest for the Orb.
     0 | D:1      | Reached XP level 1. HP: 18/18 MP: 1/1
    62 | D:1      | Reached XP level 2. HP: 25/25 MP: 2/2
   188 | D:1      | Reached XP level 3. HP: 5/30 MP: 3/3
   698 | D:1      | Reached skill level 1 in Dodging
   945 | D:2      | Noticed Natasha
   952 | D:2      | Killed Natasha
   952 | D:2      | Reached XP level 4. HP: 21/37 MP: 4/4
  1021 | D:2      | Noticed Robin
  1236 | D:3      | Reached XP level 5. HP: 28/43 MP: 5/5
  1357 | D:3      | Reached skill level 5 in Long Blades
  1358 | D:3      | Found a blossoming altar of Fedhas.
  1448 | D:3      | Gained mutation: Your mind is acute. (Int +2) [potion of mutation]
  1448 | D:3      | Gained mutation: You expend magic power (3 MP) to strengthen your wands. [potion of mutation]
  1448 | D:3      | Gained mutation: You have sharp toenails. [potion of mutation]
  1904 | D:2      | Killed Robin
  1904 | D:2      | Reached XP level 6. HP: 43/50 MP: 6/6
  2028 | D:2      | Noticed Natasha
  2034 | D:2      | Killed Natasha
  2034 | D:2      | Reached skill level 5 in Fighting
  2035 | D:2      | Found a snail-covered altar of Cheibriados.
  2037 | D:2      | Found a shadowy altar of Dithmenos.
  2047 | D:2      | Became a worshipper of Dithmenos the Shadowed
  2209 | D:2      | Noticed Jessica
  2214 | D:2      | Killed Jessica
  2684 | D:3      | Found a runed door.
  2690 | D:3      | Noticed Crazy Yiuf
  2692 | D:3      | Killed Crazy Yiuf
  2826 | D:4      | Reached skill level 5 in Armour
  2869 | D:4      | HP: 1/51 [ogre/giant spiked club (31)]
  2870 | D:4      | Annihilated by an ogre

Vault maps used:
D:1:      dpeg_arrival_prison, st_stairs_11
D:2:      grunt_temple_overflow_open, kennysheep_generic_room_10, uniq_natasha,
          uniq_jessica, uniq_robin
D:3:      grunt_ministairs_8, chequers_big_river, fedhas_altar_2,
          uniq_crazy_yiuf_cottage
D:4:      minmay_opposing_rooms, xom_redecorated, hangedman_ru_absence,
          first_bread, kennysheep_another_room

Skill      XL: |  1  2  3  4  5  6 |
---------------+-------------------+-----
Armour         | 4 5 |  5.0
Fighting       | 4 5 |  5.4
Long Blades    | 3 4 5 |  5.5
Dodging        | 1 |  1.3
Shields        | 4 |  4.0
Stealth        | |  0.1

Action                   |  1- 3 |  4- 6 || total
-------------------------+-------+-------++-------
Melee: Long sword        |   135 |   241 ||   376
       Kick              |       |    69 ||    69
       Hand axe          |       |     7 ||     7
Throw: Tomahawk          |       |     2 ||     2
  Use: Potion            |       |     6 ||     6
  Eat: Chunk             |     1 |     7 ||     8
Armor: Scale mail        |    65 |    87 ||   152
Dodge: Dodged            |    51 |    68 ||   119
Block: Shield            |    84 |   100 ||   184
       Rpst.: Long sword |    14 |    22 ||    36

Table legend:
 A = Spawn XP
 B = Non-spawn XP
 C = Spawn XP percentage of total XP
 D = Spawn monster count
 E = Non-spawn monster count
 F = Spawn count percentage of total count
 G = Total turns spent on level
                    A         B        C        D         E        F      G
               +---------+---------+-------+---------+---------+-------+---------
         Total |       0 |     553 |   0.0 |       0 |     110 |   0.0 |  2870
               +---------+---------+-------+---------+---------+-------+---------
           D:1 |       0 |      62 |   0.0 |       0 |      36 |   0.0 |   891
           D:2 |       0 |     262 |   0.0 |       0 |      44 |   0.0 |   961
           D:3 |       0 |     177 |   0.0 |       0 |      25 |   0.0 |   935
           D:4 |       0 |      52 |   0.0 |       0 |       5 |   0.0 |    83
               +---------+---------+-------+---------+---------+-------+---------
